 Dungeon Crawl Stone Soup version 0.22-a0-75-g1fede22 (webtiles) character file.

86 KristoblXynda the Shield-Bearer (level 4, 0/38 HPs)
             Began as a Draconian Fighter on Jan 12, 2018.
             Was an Initiate of Okawaru.
             Killed by divine providence
             ... invoked by an orc priest
              (13 damage)
             ... on level 3 of the Dungeon.
             The game lasted 00:02:36 (2030 turns).

KristoblXynda the Shield-Bearer (Draconian Fighter) Turns: 2030, Time: 00:02:37

Health: 0/38       AC:  5    Str: 19    XL:     4   Next: 26%
Magic:  4/4        EV: 10    Int:  9    God:    Okawaru [......]
Gold:   59         SH:  9    Dex: 10    Spells: 3/3 levels left

rFire    . . .     SeeInvis .   o - +0 whip
rCold    . . .     Gourm    .   b - +0 shield
rNeg     . . .     Faith    .   (armour unavailable)
rPois    .         Spirit   .   (helmet restricted)
rElec    .         Reflect  .   (no cloak)
rCorr    .         Harm     .   (no gloves)
MR       .....                  (no boots)
Stlth    +.........             (no amulet)
HPRegen  0.12/turn              (no ring)
MPRegen  0.09/turn              (no ring)

@: no status effects
A: unfitting armour, cold-blooded, AC +5
a: Renounce Religion


You were on level 3 of the Dungeon.
You worshipped Okawaru.
Okawaru was noncommittal.
You were not hungry.

You visited 1 branch of the dungeon, and saw 3 of its levels.

You collected 59 gold pieces.

Inventory:

Hand Weapons
 a - a +0 flail
 o - a +0 whip (weapon)
Armour
 b - a +0 shield (worn)
Scrolls
 e - 3 scrolls of identify {unknown}
 f - a scroll of magic mapping {unknown}
 h - a scroll of remove curse {unknown}
 i - a scroll of amnesia {unknown}
 j - a scroll of teleportation {unknown}
 k - a scroll of fog {unknown}
 m - a scroll of noise {unknown}
Potions
 c - a potion of might
 l - a potion of cancellation {unknown}
Comestibles
 d - 2 rations


   Skills:
 - Level 3.2 Fighting
 + Level 3.0 Maces & Flails
 + Level 3.4 Dodging
 + Level 3.8 Shields


You had 3 spell levels left.
You didn't know any spells.

Dungeon Overview and Level Annotations

Branches:
Dungeon (3/15)

Altars:
Okawaru
Wu Jian


Innate Abilities, Weirdness & Mutations

Your plain brown scales are hard. (AC +5)
You cannot fit into any form of body armour.
You are cold-blooded and may be slowed by cold attacks.


Message History

Your shield prevents you from hitting the orc priest.
The orc priest is moderately wounded.
The orc priest invokes the aid of Beogh against you.
You barely resist. You hit the orc priest. You tail-slap the orc priest.
The orc priest is almost dead.
The orc priest closely misses you.
You closely miss the orc priest.
The orc priest is almost dead.
The orc priest hits you with a short sword.
You barely miss the orc priest.
The orc priest is almost dead.
The orc priest mumbles some strange prayers to Beogh against you.
Beogh smites you!
* * * LOW HITPOINT WARNING * * *
You hit the orc but do no damage.
It was a potion of curing.
You feel better. You block the orc's attack.
The orc priest invokes the aid of Beogh against you.
Beogh smites you!
You die...

#.#.########.#...# #.#.#
#.#...# #.#.# #.#....
#.#.# #.#.#.## #.#.#
#.#.#.. #.#.#
#.#.#######
#.#.########..........
#.#....[)....#.######
#.##########.#@#
#............#o#########
##############oo........
......o........#
........##.#####
........# .. ........#
## .#####.## #.#


You could see an orc priest and 3 orcs.

Vanquished Creatures
  3 adders
  An ooze (D:2)
  A worm (D:2)
  A dart slug (D:1)
  2 leopard geckos (D:2)
  3 orcs (D:3)
  A giant cockroach (D:2)
  2 goblins
  5 hobgoblins
  6 kobolds
  A quokka (D:2)
  11 bats
  A frilled lizard (D:1)
  5 rats
43 creatures vanquished.

Notes
Turn   | Place    | Note
-------+----------+-------------------------------------------
     0 | D:1      | KristoblXynda the Draconian Fighter began the quest for the Orb.
     0 | D:1      | Reached XP level 1. HP: 19/19 MP: 1/1
   417 | D:1      | Reached XP level 2. HP: 23/26 MP: 2/2
   884 | D:2      | Reached XP level 3. HP: 25/31 MP: 3/3
  1333 | D:2      | Found an ornate altar of the Wu Jian Council.
  1333 | D:2      | Found an iron altar of Okawaru.
  1355 | D:2      | Became a worshipper of Warmaster Okawaru
  1694 | D:2      | Reached XP level 4. HP: 36/38 MP: 4/4
  2030 | D:3      | Killed from afar by an orc priest

Vault maps used:
D:1:      zaba_arrival_water, st_stairs_9
D:2:      gammafunk_temple_overflow_wave, minmay_misc_feat_plants
D:3:      zin_academy, first_ration, grunt_decor_fettered

Skill      XL: |  1  2  3  4 |
---------------+-------------+-----
Dodging        | 3 |  3.4
Maces & Flails | 3 |  3.0
Fighting       | |  3.2
Shields        | |  3.8

Action                   |  1- 3 |  4- 6 || total
-------------------------+-------+-------++-------
Melee: Flail             |   119 |    22 ||   141
       Tailslap          |    15 |     4 ||    19
       Whip              |       |    11 ||    11
  Use: Potion            |       |     1 ||     1
  Eat: Chunk             |     2 |     2 ||     4
Armor: Skin              |    41 |     3 ||    44
Dodge: Dodged            |    66 |    15 ||    81
Block: Shield            |    57 |    15 ||    72

Table legend:
 A = Spawn XP
 B = Non-spawn XP
 C = Spawn XP percentage of total XP
 D = Spawn monster count
 E = Non-spawn monster count
 F = Spawn count percentage of total count
 G = Total turns spent on level
                    A         B        C        D         E        F      G
               +---------+---------+-------+---------+---------+-------+---------
         Total |       0 |     123 |   0.0 |       0 |      43 |   0.0 |  2030
               +---------+---------+-------+---------+---------+-------+---------
           D:1 |       0 |      23 |   0.0 |       0 |      14 |   0.0 |   816
           D:2 |       0 |      77 |   0.0 |       0 |      25 |   0.0 |   929
           D:3 |       0 |      23 |   0.0 |       0 |       4 |   0.0 |   285
               +---------+---------+-------+---------+---------+-------+---------
